 Dungeon Crawl Stone Soup version 0.22-b1-26-g9dbaab1 (webtiles) character file.

102 Lew the Covert (level 4, -6/33 HPs)
             Began as a Vampire Assassin on Aug 7, 2018.
             Mangled by a gnoll
             ... wielding a +0 spear
              (8 damage)
             ... on level 3 of the Dungeon.
             The game lasted 00:09:57 (2038 turns).

Lew the Covert (Vampire Assassin)                   Turns: 2038, Time: 00:09:58

Health: -6/33      AC:  7    Str: 11    XL:     4   Next: 49%
Magic:  4/4        EV: 13    Int: 13    God:
Gold:   230        SH:  0    Dex: 15    Spells: 3/3 levels left

rFire    . . .     SeeInvis +   a - +2 dagger
rCold    . . .     Gourm    .   (no shield)
rNeg     + . .     Faith    .   q - +0 robe
rPois    .         Spirit   .   l - +2 helmet
rElec    .         Reflect  .   d - +0 cloak
rCorr    .         Harm     .   m - +0 pair of gloves
MR       .....                  (no boots)
Stlth    ++++......             (no amulet)
HPRegen  0.11/turn              (no ring)
MPRegen  0.09/turn              (no ring)

@: no status effects
A: fangs 3, see invisible, unbreathing
a: Bat Form


You were on level 3 of the Dungeon.
You were not thirsty.

You visited 1 branch of the dungeon, and saw 3 of its levels.

You collected 230 gold pieces.

Inventory:

Hand Weapons
 a - a +2 dagger (weapon)
 b - a +0 blowgun
Missiles
 e - 31 poisoned needles
 f - 2 curare-tipped needles
Armour
 d - a +0 cloak (worn)
 l - a +2 helmet (worn)
 m - a +0 pair of gloves (worn)
 q - a +0 robe (worn)
Wands
 r - a wand of digging (17)
Scrolls
 c - 3 scrolls of teleportation {unknown}
 g - a scroll of identify
 k - a scroll of remove curse
 p - a scroll of amnesia {unknown}
 t - a scroll of immolation {unknown}
Potions
 h - 2 potions of blood
 i - a potion of degeneration
 j - 3 potions of invisibility
 n - 2 potions of curing
 o - 2 potions of might {unknown}
 s - 2 potions of mutation {unknown}


   Skills:
 + Level 2.1 Fighting
 + Level 2.5 Short Blades
 - Level 1.5 Throwing
 * Level 2.1 Dodging
 + Level 8.2 Stealth


You had 3 spell levels left.
You didn't know any spells.
Your spell library contained the following spells:

 Spells                   Type           Power        Failure   Level  Hunger
 Magic Dart               Conj           #...         30%         1    ##.....
 Conjure Flame            Conj/Fire      #.......     67%         3    ####...
 Slow                     Hex            #.......     43%         2    ###....
 Mephitic Cloud           Conj/Pois/Air  #.......     67%         3    ####...
 Blink                    Tloc           N/A          43%         2    ###....
 Call Imp                 Summ           #.......     43%         2    ###....


Dungeon Overview and Level Annotations

Branches:
Dungeon (3/15)

Altars:


Innate Abilities, Weirdness & Mutations

You have razor-sharp teeth.
You have supernaturally acute eyesight. (SInv)
You can survive without breathing.


Message History

The gnoll hits you from afar with a spear.
You hit the gnoll.
The gnoll is almost dead.
The gnoll hits you!
* * * LOW HITPOINT WARNING * * *
You closely miss the gnoll.
The gnoll is almost dead.
The gnoll hits you from afar with a spear.
* * * LOW HITPOINT WARNING * * *
You closely miss the gnoll.
The gnoll is almost dead.
The gnoll barely misses you.
The gnoll hits you from afar with a spear.
* * * LOW HITPOINT WARNING * * *
You hit the gnoll.
The gnoll is almost dead.
The gnoll hits you.
* * * LOW HITPOINT WARNING * * *
The gnoll hits you from afar with a spear!
You die...

.##.........#### .........
.##.........# ..... #......
.##.........#####....# #......
.##.........##...#...#. . #......
#####........#...#...#..# #......
#####......<.#...#...#..# #......
....#........#...#...#..###......
....#........#(..#g..#......g....
....#........#..@gK.g..........##
....#........#...#K..#.........##
....#........###+##..+.......#...
....'..............#.#.Kg..###...
...##.........#....#.#...l.......
...##...#..........#K..###.......
...##...#................#.......
...##...#................#.......
#####...#................#.......


You could see 3 gnolls and 2 kobolds.

Vanquished Creatures
  3 adders
  A dart slug (D:1)
  A worm (D:2)
  3 leopard geckos
  6 bats
  3 giant cockroaches
  9 goblins
  10 hobgoblins
  3 jackals (D:2)
  8 kobolds
  2 quokkas (D:2)
  3 ball pythons
  5 frilled lizards
  4 rats
61 creatures vanquished.

Notes
Turn   | Place    | Note
-------+----------+-------------------------------------------
     0 | D:1      | Lew the Vampire Assassin began the quest for the Orb.
     0 | D:1      | Reached XP level 1. HP: 16/16 MP: 1/1
    47 | D:1      | Reached skill level 6 in Stealth
   238 | D:1      | Reached XP level 2. HP: 20/22 MP: 2/2
   488 | D:1      | Reached XP level 3. HP: 27/27 MP: 3/3
   606 | D:1      | Reached skill level 7 in Stealth
  1671 | D:2      | Reached XP level 4. HP: 33/33 MP: 4/4
  1736 | D:2      | Reached skill level 8 in Stealth
  2038 | D:3      | Mangled by a gnoll

Skill      XL: |  1  2  3  4 |
---------------+-------------+-----
Stealth        | 6 7 8 |  8.2
Fighting       | 2 |  2.1
Dodging        | 2 |  2.1
Short Blades   | |  2.5
Throwing       | |  1.5

Action                   |  1- 3 |  4- 6 || total
-------------------------+-------+-------++-------
Melee: Dagger            |   133 |    39 ||   172
       Bite              |    15 |     4 ||    19
  Use: Scroll            |     5 |       ||     5
       Potion            |     5 |       ||     5
 Stab: Sleeping          |    13 |     3 ||    16
  Eat: Corpse            |       |     1 ||     1
Armor: Robe              |    32 |     7 ||    39
Dodge: Dodged            |    97 |    26 ||   123
